 Dungeon Crawl Stone Soup version 0.30.1-9-gdf580d7c3d (webtiles) character file.

Game seed: 9658267953149951869

367 hawla the Firebug (level 7, -2/52 HPs)
             Began as a Meteoran Fire Elementalist on Oct 19, 2023.
             Killed from afar by an orc wizard (12 damage)
             ... with a magic dart
             ... on level 6 of the Dungeon.
             The game lasted 00:06:12 (848 turns).

hawla the Firebug (Meteoran Fire Elementalist)       Turns: 848, Time: 00:06:13

Health: -2/52      AC:  3    Str: 15    XL:     7   Next: 21%
Magic:  0/13       EV: 13    Int: 19    God:
Gold:   69         SH:  0    Dex: 15    Spells: 6/13 levels left

rFire   . . .        n - +1 flail (holy)
rCold   . . .        (no shield)
rNeg    . . .        a - +0 robe
rPois   .            e - +0 helmet
rElec   .            (no cloak)
rCorr   .            (no gloves)
SInv    .            (no boots)
Will    .....        (no amulet)
Stlth   +            p - +6 ring of strength
HPRegen 0.28/turn    (no ring)
MPRegen 0.13/turn

%: no passive effects
@: about to teleport, glowing
A: sense surroundings 1, otherworldly, glowing, explore regen
a: no special abilities


You were on level 6 of the Dungeon.
You visited 1 branch of the dungeon, and saw 6 of its levels.

You collected 69 gold pieces.

Inventory:

Hand Weapons
 n - a +1 flail of holy wrath (weapon)
Armour
 a - a +0 robe (worn)
 e - a +0 helmet (worn)
Magical Staves
 b - a staff of conjuration
Jewellery
 p - a +6 ring of strength (left hand)
Scrolls
 c - a scroll of fear {unknown}
 d - 2 scrolls of teleportation
 g - a scroll of magic mapping {unknown}
 h - a scroll of silence {unknown}
 k - 3 scrolls of noise {unknown}
 o - a scroll of vulnerability {unknown}
 q - a scroll of amnesia {unknown}
Potions
 i - a potion of might
 j - a potion of lignification {unknown}
 l - a potion of brilliance {unknown}
 m - a potion of flight {unknown}


   Skills:
 - Level 1.2 Fighting
 - Level 1.2 Maces & Flails
 - Level 2.9 Dodging
 - Level 1.4 Stealth
 - Level 3.8 Spellcasting
 - Level 5.3 Conjurations
 - Level 5.3 Fire Magic
 + Level 1.6 Evocations


You had 6 spell levels left.
You knew the following spells:

 Your Spells              Type           Power      Damage    Failure   Level
a - Foxfire               Conj/Fire      92%        2x1d8     1%          1
b - Scorch                Fire           46%        2d7       2%          2
c - Flame Wave            Conj/Fire      23%        2d8       16%         4

Your spell library contained the following spells:

 Spells                   Type           Power      Damage    Failure   Level
 Inner Flame              Hex/Fire       13%        N/A       14%         3
 Volatile Blastmotes      Fire/Tloc      26%        2d12      14%         3


Dungeon Overview and Level Annotations

Branches:
Dungeon (5/15) Zot: 2741
 Temple: D:4-7

Altars:


Innate Abilities, Weirdness & Mutations

You passively map a small area around you.
You are easily found by Zot.
You glow in the dark.
You regain HP and MP as you explore.


Message History

Casting: Scorch (safe; 2% risk of failure)
Confirm with . or Enter, or press ? or * to list all spells.
You conjure some foxfire!
The scorpion closely misses you.
The foxfire hits the orc wizard.
The orc wizard is burned terribly!
The orc wizard is moderately wounded.
Casting: Foxfire (safe; 1% risk of failure)
Confirm with . or Enter, or press ? or * to list all spells.
You conjure some foxfire!
The orc wizard is no longer more vulnerable to fire.
The foxfire hits the scorpion.
The scorpion is moderately wounded.
The scorpion misses you. The orc closely misses you.
You closely miss the orc wizard.
The orc wizard is moderately wounded.
The foxfire hits the orc wizard.
The orc wizard is heavily wounded.
The foxfire hits the orc wizard but does no damage.
The orc wizard is heavily wounded.
The scorpion stings you.
* * * LOW HITPOINT WARNING * * *
You are poisoned.
The scorpion poisons you! The orc closely misses you.
The orc wizard hits you with a +0 dagger.
* * * LOW HITPOINT WARNING * * *
The scorpion stings you but does no damage.
It was a potion of curing.
You feel better. The orc wizard barely misses you.
The orc hits you with a +0 war axe!
* * * LOW HITPOINT WARNING * * *
The scorpion stings you but does no damage.
As you read the scroll labelled YJERHI NYER, it crumbles to dust.
You feel strangely unstable.
It was a scroll of teleportation.
The scorpion stings you but does no damage.
The orc wizard hits you but does no damage.
The orc closely misses you.
Casting: Foxfire (safe; 1% risk of failure)
Confirm with . or Enter, or press ? or * to list all spells.
You conjure some foxfire!
The scorpion misses you.
The orc wizard points at you and mumbles some strange words.
The magic dart hits you!
You die...

#.##o####.# ######. * ,
, #.#[##.# #.########.
.**#.#!##o# #.#........
..##.#.##.####.#.#####..
, #............†...# #..
, * .##....######...#
#.. ,* #...o# #...# #..
.###..os######...# #..
......o@v........# #.. *
......ov#######.## * #..
*######..# #...,, ... ,
*#.?# ##### * #..# *
,,.... , , * * ##.# * *
, * #.# , * ** ** *


You could see a scorpion (ally target), an orc wizard (ally target) and 3 orcs.

Vanquished Creatures
  An orc warrior (D:6)
  A black bear (D:6)
  A scorpion (D:6)
  An orc priest (D:4)
  An orc wizard (D:4)
  3 adders
  An ufetubus (D:4)
  3 worms
  7 orcs
  3 ball pythons
  4 endoplasms
  2 goblins
  A hobgoblin (D:3)
  4 jackals (D:4)
  A kobold (D:1)
  2 frilled lizards
  A rat (D:3)
37 creatures vanquished.

Vanquished Creatures (collateral kills)
  A foxfire (D:1)
1 creature vanquished.

Vanquished Creatures (others)
  45 foxfires
45 creatures vanquished.

Grand Total: 83 creatures vanquished

Notes
Turn   | Place    | Note
-------+----------+-------------------------------------------
     0 | D:1      | hawla the Meteoran Fire Elementalist began the quest for
                  | the Orb.
     0 | D:1      | Reached XP level 1. HP: 14/14 MP: 5/5
    50 | D:2      | Reached XP level 2. HP: 20/20 MP: 4/6
    53 | D:2      | Learned a level 2 spell: Scorch
   193 | D:2      | Reached XP level 3. HP: 26/26 MP: 5/8
   507 | D:5      | Entered Level 5 of the Dungeon
   531 | D:4      | Reached XP level 4. HP: 29/33 MP: 4/9
   539 | D:4      | Reached skill level 5 in Fire Magic
   548 | D:4      | Reached skill level 1 in Maces & Flails
   548 | D:4      | Reached XP level 5. HP: 8/39 MP: 5/11
   569 | D:4      | Identified the +5 sling "Cutrah" {speed, Will+}
   578 | D:4      | Reached skill level 1 in Fighting
   695 | D:4      | Learned a level 4 spell: Flame Wave
   770 | D:4      | You fall into a shaft and drop 2 floors!
   774 | D:6      | Noticed a black bear
   780 | D:6      | Killed a black bear
   781 | D:6      | Reached XP level 6. HP: 31/47 MP: 0/12
   817 | D:6      | Noticed an orc warrior
   826 | D:6      | Killed an orc warrior
   827 | D:6      | Reached skill level 5 in Conjurations
   827 | D:6      | Reached skill level 1 in Evocations
   827 | D:6      | Reached XP level 7. HP: 25/52 MP: 0/13
   848 | D:6      | Killed from afar by an orc wizard

Illustrated notes

Levels and vault maps discovered:
D:1:      wander_arrival_fairy_ring, layout_rooms
D:2:      minmay_roachtagon, layout_basic, serial_forest,
          infiniplex_forest_end_1, infiniplex_forest_corner_1,
          infiniplex_forest_pool, infiniplex_forest_clump_large,
          infiniplex_forest_lined_ring, infiniplex_forest_clump_double,
          infiniplex_forest_clump_curved, infiniplex_forest_lined_1,
          infiniplex_forest_side_room, basic_altar, minmay_hexomino_f4,
          uniq_natasha
D:3:      layout_basic, grunt_ministairs_3, uniq_jessica
D:4:      nicolae_BIG_FREAKIN_CUBE, layout_basic, serial_curves, eino_curves_04,
          eino_curves_04, minmay_lizard_king, uniq_crazy_yiuf_cottage,
          uniq_duvessa
D:5:      kennysheep_spiral_hall, layout_basic, grunt_ministairs_11, uniq_ijyb,
          uniq_menkaure, uniq_eustachio
D:6:      layout_loops_ring, serial_shops, shop_fountains, serial_bayou_pond_d

Skill      XL: |  1  2  3  4  5  6 |
---------------+-------------------+-----
Fire Magic     | 4 5 |  5.3
Spellcasting   | 3 |  3.8
Maces & Flails | 1 |  1.2
Fighting       | 1 |  1.2
Conjurations   | 3 5 |  5.3
Evocations     | 1 |  1.6
Dodging        | |  2.9
Stealth        | |  1.4

Action                     |  1- 3 |  4- 6 |  7- 9 || total
---------------------------+-------+-------+-------++-------
  Melee: Mace              |    17 |     4 |       ||    21
         Flail             |       |     5 |     1 ||     6
   Cast: Foxfire           |    18 |     8 |     6 ||    32
         Scorch            |     9 |    16 |     1 ||    26
         Flame Wave        |       |     2 |       ||     2
    Use: Potion            |       |     2 |     1 ||     3
         Scroll            |       |       |     1 ||     1
 Armour: Robe              |     2 |     6 |     4 ||    12
  Dodge: Dodged            |    14 |    14 |     9 ||    37
